 Dungeon Crawl Stone Soup version 0.26-a0-1129-gc5df7fbe6a (webtiles) character file.

Game seed: 12333396077085097101

5643 CasualChangeling the Fighter (level 10, 0/94 (97) HPs)
             Began as a Palentonga Chaos Knight on Dec 19, 2020.
             Was a Plaything of Xom.
             Succumbed to a water moccasin's poison
             ... on level 9 of the Dungeon.
             The game lasted 00:31:20 (13902 turns).

CasualChangeling the Fighter (PaCK)                Turns: 13902, Time: 00:31:20

HP:   0/94 (97)     AC:  8    Str: 26      XL:     10   Next: 46%
MP:   13/13         EV:  7    Int: 14 (15) God:    Xom [*.....]
Gold: 574           SH:  0    Dex:  7 (10) Spells: 12/14 levels left

rFire    + . .     SeeInvis +   a - +2 scimitar
rCold    + . .     Faith    .   (no shield)
rNeg     + . .     Spirit   .   f - +3 leather armour {rN+}
rPois    .         Reflect  .   (no helmet)
rElec    .         Harm     .   B - scarf {rC+ rF+}
rCorr    .         Rampage  .   (no gloves)
Will     .....                  (no barding)
Stlth    +.........             v - amulet of the acrobat
HPRegen  0.25/turn              y - +6 ring of strength (curse)
MPRegen  0.13/turn              z - -4 ring of evasion (curse)

@: mighty, lethally poisoned (0 -> -5), hasted, lightly drained, very quick
A: large, rugged brown scales 3, see invisible, clever 1, deformed body, strong
1, roll 1, armoured tail, reflexive curl
a: Rolling Charge, Renounce Religion


You were on level 9 of the Dungeon.
You worshipped Xom.
You were a special plaything of Xom.
You visited 2 branches of the dungeon, and saw 11 of its levels.

You collected 574 gold pieces.

Inventory:

Hand Weapons
 a - a +2 scimitar (weapon)
 b - the +7 hand axe "Odup Vuo" {vorpal, MP+9 Stlth+}
   (You found it on level 5 of the Dungeon)

   It inflicts extra damage upon your enemies.
   It affects your magic capacity (+9).
   It makes you more stealthy.
Missiles
 d - 10 boomerangs
Armour
 f - a +3 leather armour of positive energy (worn)
 q - a +1 helmet
 B - a scarf of resistance (worn)
Jewellery
 c - a cursed ring of stealth
 m - an uncursed ring of magical power
 s - an uncursed ring of stealth
 u - the amulet of Yesterday {RegenMP +Inv rElec Int-4 Stlth+}
   (Xom gifted it to you on level 4 of the Dungeon)

   [amulet of magic regeneration]

   It increases your magic regeneration.
   It affects your intelligence (-4).
   It insulates you from electricity.
   It lets you turn invisible.
   It makes you more stealthy.
 v - an amulet of the acrobat (around neck)
 y - a cursed +6 ring of strength (left hand)
 z - a cursed -4 ring of evasion (right hand)
 D - an uncursed ring of poison resistance
Wands
 n - a wand of random effects (18)
 C - a wand of flame (15)
Scrolls
 i - a scroll of remove curse
 j - 2 scrolls of teleportation
 w - 2 scrolls of enchant armour
 E - 3 scrolls of identify
Potions
 e - a potion of degeneration
 g - 3 potions of lignification
 h - a potion of berserk rage {unknown}
 k - a potion of ambrosia {unknown}
 l - 3 potions of flight
 o - a potion of haste
 p - a potion of attraction
 r - 3 potions of brilliance
 t - a potion of heal wounds {unknown}
 x - a potion of cancellation {unknown}
 A - a potion of curing {unknown}


   Skills:
 + Level 9.1 Fighting
 + Level 8.8 Long Blades
 - Level 2.9 Axes
 - Level 5.2 Armour
 + Level 5.6 Dodging
 + Level 2.6 Spellcasting
 + Level 2.8 Hexes
 - Level 2.2 Evocations


You had 12 spell levels left.
You knew the following spells:

 Your Spells              Type           Power        Failure   Level
a - Slow                  Hex            9%           12%         2

Your spell library contained the following spells:

 Spells                   Type           Power        Failure   Level
 Corona                   Hex            10%          8%          1
 Confusing Touch          Hex            9%           22%         3
 Inner Flame              Hex/Fire       5%           38%         3
 Portal Projectile        Hex/Tloc       10%          38%         3
 Gell's Gravitas          Tloc           0%           58%         3
 Cause Fear               Hex            4%           58%         4
 Leda's Liquefaction      Hex/Erth       2%           80%         4
 Petrify                  Tmut/Erth      1%           94%         4
 Metabolic Englaciation   Hex/Ice        2%           98%         5
 Yara's Violent Unravell  Hex/Tmut       2%           98%         5


Dungeon Overview and Level Annotations

Branches:
Dungeon (10/15)            Temple (1/1) D:6            Lair (0/6) D:10
    Orc: D:9-12

Altars:
Ashenzari
Cheibriados
Dithmenos
Elyvilon
Fedhas
Gozag
Hepliaklqana
Kikubaaqudgha
Makhleb
Nemelex Xobeh
Okawaru
Qazlal
Ru
Sif Muna
Trog
Uskayaw
Vehumet
Wu Jian
Xom
Yredelemnul
Zin
The Shining One


Innate Abilities, Weirdness & Mutations

You are completely covered in rugged brown scales. (AC +3, +7% HP)
You have supernaturally acute eyesight. (SInv)
Armour fits poorly on your strangely shaped body.
You can roll at nearby foes to attack.
You have a long armoured tail.
You curl defensively after being hit.
Your mind is acute. (Int +2)
Your muscles are strong. (Str +2)


Message History

You hit the komodo dragon but do no damage.
Your tail-slap misses the komodo dragon.
The komodo dragon is moderately wounded.
You feel sick.
The komodo dragon bites you but does no damage.
You hit the komodo dragon.
The komodo dragon is heavily wounded.
You feel sick.
You feel sick.
There is a stone staircase leading up here.
The komodo dragon bites you!
* * * LOW HITPOINT WARNING * * *
You climb upwards.
* * * LOW HITPOINT WARNING * * *
You feel sick.
There is a stone staircase leading down here.
It was a potion of might.
You feel very mighty all of a sudden.
You die...
Xom snickers!

.......#..........# ##.....##.
..........####....# #.....##..
...........# ##...## #.(.......
...........## ##...## #.........
............## ##...# #..<......
.............#####..####..(......
...............###........(......
.................#......##(....##
................@.......###.).##
...............l.......## #..##
..........<............# #..#
................#......####..##
..............#####......##...#
..............# ##..#......>.# #
......#......## #...####..(..###
......##....## #..## ###..(...
.....###....# #..## ##(....


You could see a komodo dragon.

Vanquished Creatures
  A troll (D:8)
  Sigmund (D:4)
  2 yaks (D:8)
  Grum (D:8)
  2 water moccasins (D:10)
  3 orc warriors
  A sky beast (D:9)
  A black bear (D:8)
  5 ice beasts
  6 ogres
  4 centaurs
  2 phantoms
  3 wolves (D:8)
  2 big kobolds (D:6)
  7 bullfrogs
  5 killer bees (D:8)
  8 wights
  3 howler monkeys
  A bullfrog zombie (D:6)
  2 hounds
  2 bullfrog skeletons (D:9)
  5 orc priests
  A jelly (D:8)
  2 orc wizards
  4 iguanas
  5 worker ants
  3 hound skeletons
  A worker ant zombie (D:5)
  8 gnolls
  5 adders
  A howler monkey skeleton (D:5)
  A shadow imp (D:5)
  4 white imps
  An adder skeleton (D:9)
  5 worms
  3 dart slugs
  4 leopard geckos
  19 orcs
  A ball python (D:6)
  5 bats
  5 giant cockroaches
  7 goblins
  2 hobgoblins (D:2)
  11 jackals
  17 kobolds
  4 quokkas
  A ball python skeleton (D:4)
  6 frilled lizards
  A leopard gecko skeleton (D:4)
  A quokka zombie (D:8)
  13 rats
208 creatures vanquished.

Vanquished Creatures (collateral kills)
  Eustachio (D:5)
  A wyvern (D:9)
  An ice beast (D:5)
  An ogre (D:5)
  A gnoll shaman (D:4)
  2 worker ants (D:5)
  3 adders
  An adder skeleton (D:5)
  3 jackals (D:5)
14 creatures vanquished.

Vanquished Creatures (others)
  A yak (D:8)
  A hound (D:9)
  A quokka (D:7)
  44 fungi (D:10)
  37 plants (D:10)
84 creatures vanquished.

Grand Total: 306 creatures vanquished

Notes
Turn   | Place    | Note
-------+----------+-------------------------------------------
     0 | D:1      | CasualChangeling the Palentonga Chaos Knight began the
                  | quest for the Orb.
     0 | D:1      | Reached XP level 1. HP: 20/20 MP: 1/1
    55 | D:1      | XOM: potion effect (might)
   151 | D:1      | Reached skill level 1 in Dodging
   177 | D:1      | XOM: silly message
   200 | D:1      | XOM: potion effect (experience)
   200 | D:1      | Reached skill level 6 in Fighting
   200 | D:1      | Reached XP level 2. HP: 32/32 MP: 2/2
   291 | D:1      | XOM: silly message
   295 | D:1      | Reached XP level 3. HP: 39/39 MP: 3/3
   670 | D:1      | XOM: silly message
   893 | D:2      | XOM: give mutations
   893 | D:2      | Gained mutation: You are dopey. (Int -2) [Xom's mischief]
  1301 | D:2      | XOM: 1-stop teleportation journey
  1641 | D:3      | Reached XP level 4. HP: 37/47 MP: 4/4
  2139 | D:3      | XOM: summons 2 hostile demons
  2494 | D:3      | XOM: torment (25/47 hp)
  2510 | D:3      | XOM: cloud trail
  2716 | D:3      | Found a shadowy altar of Dithmenos.
  2915 | D:3      | XOM: divination: detect items
  3255 | D:4      | Noticed Sigmund
  3255 | D:4      | Noticed an ogre
  3278 | D:4      | XOM: god gift: 55 gold pieces
  3313 | D:4      | Reached XP level 5. HP: 40/53 MP: 5/5
  3546 | D:4      | Noticed an ogre
  3554 | D:4      | XOM: confuse monster(s)
  3682 | D:4      | Noticed an ogre
  3683 | D:4      | XOM: summons friendly iron imp
  3696 | D:4      | Killed an ogre
  3822 | D:4      | XOM: summons friendly iron imp
  3918 | D:4      | XOM: summons 2 friendly demons
  3919 | D:4      | Reached XP level 6. HP: 58/60 MP: 6/6
  3929 | D:4      | XOM: summons 6 friendly demons
  3931 | D:4      | Killed Sigmund
  3978 | D:4      | XOM: scenery: 1 doors close
  4102 | D:4      | XOM: god gift: glittering diamond amulet {god gift}
  4103 | D:4      | Got a glittering diamond amulet {god gift}
  4109 | D:4      | Identified the amulet of Yesterday {RegenMP +Inv rElec
                  | Int-4 Stlth+} (Xom gifted it to you on level 4 of the
                  | Dungeon)
  4176 | D:4      | XOM: god gift: 59 gold pieces
  4177 | D:4      | XOM: confuse monster(s)
  4202 | D:4      | XOM: fake destruction
  4224 | D:4      | XOM: god gift: long sword {god gift}
  4508 | D:4      | Gained mutation: You curl defensively after being hit.
                  | [Palentonga growth]
  4508 | D:4      | Reached XP level 7. HP: 45/68 MP: 7/7
  4616 | D:4      | XOM: summons friendly crimson imp
  4881 | D:4      | XOM: summons 7 friendly demons
  4887 | D:4      | Got a slimy hat
  4898 | D:4      | Reached skill level 1 in Evocations
  4908 | D:4      | Identified the cursed +0 hat of the Valley {*Corrode +Inv
                  | MP+9 Int+5 Dex+3} (You found it on level 4 of the Dungeon)
  5060 | D:4      | XOM: silly message
  5063 | D:5      | Entered Level 5 of the Dungeon
  5101 | D:5      | XOM: enchant monster (good)
  5209 | D:5      | XOM: confuse monster(s)
  5225 | D:5      | XOM: enchant monster (bad)
  5426 | D:5      | Noticed Eustachio
  5436 | D:5      | XOM: summons 7 friendly demons
  5452 | D:5      | Reached skill level 7 in Fighting
  5459 | D:5      | XOM: enchant monster (good)
  5465 | D:5      | Killed Eustachio
  5466 | D:5      | Reached XP level 8. HP: 73/78 MP: 8/8
  5502 | D:5      | XOM: summons friendly ufetubus
  5518 | D:5      | XOM: 1-stop teleportation journey
  5794 | D:5      | Got a faintly glowing hand axe
  5797 | D:5      | Identified the +7 hand axe "Odup Vuo" {vorpal, MP+9 Stlth+}
                  | (You found it on level 5 of the Dungeon)
  5885 | D:6      | Reached skill level 1 in Axes
  5964 | D:6      | Found a staircase to the Ecumenical Temple.
  6134 | D:6      | XOM is BORED!
  6134 | D:6      | XOM: swap monsters
  6155 | D:6      | XOM: chaos upgrade
  6160 | D:6      | XOM: summons 2 hostile demons
  6304 | D:5      | XOM: confusion
  6498 | D:6      | XOM: divination: magic mapping
  6508 | D:6      | Reached XP level 9. HP: 71/85 MP: 9/9
  6677 | D:6      | XOM: cleaving
  6744 | D:6      | XOM: cloud trail
  7310 | Temple   | Entered the Ecumenical Temple
  7461 | Temple   | XOM: give mutations
  7461 | Temple   | Gained mutation: You are covered in fur. (AC +1) [Xom's
                  | grace]
  7461 | Temple   | Gained mutation: You are agile. (Dex +2) [Xom's grace]
  7502 | D:7      | Found a white marble altar of Elyvilon.
  7516 | D:7      | XOM: noise
  7521 | D:7      | XOM: confuse monster(s)
  7527 | D:7      | XOM: torment (41/86 hp)
  7712 | D:6      | XOM: stat loss: -1 Int (10/11)
  7736 | D:6      | Reached skill level 8 in Fighting
  7749 | D:6      | XOM: give mutations
  7749 | D:6      | Gained mutation: You are frail. (-10% HP) [Xom's mischief]
  7749 | D:6      | Gained mutation: You occasionally shout uncontrollably at
                  | your foes. [Xom's mischief]
  7749 | D:6      | Gained mutation: You are very frail. (-20% HP) [Xom's
                  | mischief]
  7866 | D:6      | XOM: summons 2 hostile shadow creatures
  7916 | D:7      | XOM: give mutations
  7916 | D:7      | Lost mutation: You are dopey. (Int -2) [Xom's mischief]
  7916 | D:7      | Lost mutation: You are very frail. (-20% HP) [Xom's
                  | mischief]
  7916 | D:7      | Gained mutation: Your body sometimes deteriorates upon
                  | taking damage. [Xom's mischief]
  7916 | D:7      | Lost mutation: You are covered in fur. (AC +1) [Xom's
                  | mischief]
  8335 | D:7      | Reached skill level 5 in Armour
  8595 | D:7      | XOM: 4-stop teleportation journey
  8932 | D:7      | XOM: summons 5 hostile demons
  8940 | D:7      | XOM: enchant monster (good)
  8989 | D:7      | XOM: confuse monster(s)
  9269 | D:7      | Lost mutation: You occasionally shout uncontrollably at
                  | your foes. [potion of mutation]
  9269 | D:7      | Lost mutation: You are agile. (Dex +2) [potion of mutation]
  9269 | D:7      | Lost mutation: You are frail. (-10% HP) [potion of
                  | mutation]
  9269 | D:7      | Gained mutation: You are dopey. (Int -2) [potion of
                  | mutation]
  9269 | D:7      | Gained mutation: You have a pair of small horns on your
                  | head. [potion of mutation]
  9348 | D:7      | XOM: give mutation
  9598 | D:7      | Lost mutation: You have a pair of small horns on your head.
                  | [potion of mutation]
  9598 | D:7      | Lost mutation: You are dopey. (Int -2) [potion of mutation]
  9598 | D:7      | Lost mutation: Your body sometimes deteriorates upon taking
                  | damage. [potion of mutation]
  9598 | D:7      | Gained mutation: Your mind is acute. (Int +2) [potion of
                  | mutation]
  9598 | D:7      | Gained mutation: Your muscles are strong. (Str +2) [potion
                  | of mutation]
  9858 | D:7      | XOM: cloud trail
  9915 | D:8      | Learned a level 2 spell: Slow
 10010 | D:8      | XOM: confuse monster(s)
 10012 | D:8      | Reached skill level 5 in Dodging
 10027 | D:8      | Reached skill level 1 in Hexes
 10030 | D:8      | Reached skill level 1 in Spellcasting
 10030 | D:8      | Reached XP level 10. HP: 18/96 MP: 11/11
 10037 | D:8      | XOM: noise
 10262 | D:8      | XOM: silly message
 10539 | D:8      | XOM: divination: detect creatures
 10662 | D:8      | Found a shimmering blue altar of Sif Muna.
 10777 | D:8      | Noticed Grum
 10796 | D:8      | Killed Grum
 10978 | D:8      | XOM: 2-stop teleportation journey
 11007 | D:8      | XOM: silly message
 11484 | D:9      | XOM: divination: detect creatures
 11509 | D:9      | XOM: cast spell 'Cause Fear'
 11586 | D:8      | XOM: confusion (+ monsters)
 11588 | D:8      | HP: 2/96 [troll (11)]
 11591 | D:8      | XOM: summons 2 friendly demons
 12277 | D:9      | XOM: silly message
 12292 | D:9      | XOM: cast spell 'Disjunction'
 12295 | D:9      | HP: 3/96 [centaur/arrow (7)]
 12295 | D:9      | Xom revived you
 12302 | D:9      | XOM: summons 3 friendly demons
 12358 | D:8      | XOM: silly message
 12750 | D:9      | XOM: blink monster(s)
 12837 | D:9      | XOM: fog
 12853 | D:9      | Reached skill level 9 in Fighting
 13262 | D:9      | Found a blossoming altar of Fedhas.
 13727 | D:10     | Entered Level 10 of the Dungeon
 13861 | D:10     | Found a staircase to the Lair.
 13874 | D:10     | XOM: draining
 13900 | D:10     | HP: 1/94 [komodo dragon (17)]
 13902 | D:9      | Succumbed to a water moccasin's poison

Illustrated notes

Levels and vault maps discovered:
D:1:      dpeg_arrival_more_subterranean_lakeside_camping, layout_basic,
          patterned_corridor
D:2:      layout_loops_corners, nrook_mini_backslash
D:3:      layout_basic, nicolae_dithmenos_through_a_glass_darkly
D:4:      layout_basic, uniq_sigmund
D:5:      layout_basic, uniq_eustachio
D:6:      cheibrodos_thug_alley, layout_basic, minmay_temple_entry_grid,
          minmay_misc_feat_hallway
D:7:      lemuel_ice_spiral_2, layout_basic, elyvilon_altar_4,
          minmay_misc_feat_roman
D:8:      layout_loops_ring, led_sif_pool, uniq_grum
D:9:      layout_layer_cave, fedhas_altar_1
D:10:     layout_roguey, due_lair_maze_entry_diamond, serial_shops, shop_scrolls
Temple:   minmay_crystal_snake_temple

Skill      XL: |  1  2  3  4  5  6  7  8  9 10 |
---------------+-------------------------------+-----
Dodging        | 1 2 3 5 |  5.6
Fighting       | 6 7 8 9 |  9.1
Long Blades    | 6 7 8 |  8.8
Armour         | 2 3 4 5 |  5.2
Evocations     | 2 |  2.2
Axes           | 2 |  2.9
Hexes          | 1 2 |  2.8
Spellcasting   | 1 2 |  2.6

Action                   |  1- 3 |  4- 6 |  7- 9 | 10-12 || total
-------------------------+-------+-------+-------+-------++-------
Melee: Falchion          |    57 |   122 |       |       ||   179
       Tailslap          |     3 |    16 |    39 |    17 ||    75
       Long sword        |       |     4 |   102 |       ||   106
       Scimitar          |       |       |   242 |   147 ||   389
       Hand axe          |       |       |    47 |       ||    47
 Abil: Rolling Charge    |     7 |    11 |    32 |    16 ||    66
Evoke: Wand              |       |     6 |     1 |       ||     7
  Use: Scroll            |     1 |     1 |     7 |     4 ||    13
       Potion            |       |       |     3 |     6 ||     9
 Stab: Distracted        |       |       |     1 |       ||     1
       Sleeping          |       |       |     1 |       ||     1
       Confused          |       |       |     2 |       ||     2
       Invisible         |       |       |       |     1 ||     1
Armor: Leather armour    |     8 |       |   179 |    75 ||   262
       Ring mail         |     7 |    45 |    33 |       ||    85
       Skin              |       |       |       |    28 ||    28
Dodge: Dodged            |    21 |    42 |   280 |    68 ||   411
       Rpst.: Falchion   |     8 |    15 |       |       ||    23
       Long sword        |       |     1 |    17 |       ||    18
       Scimitar          |       |       |    40 |    18 ||    58

Table legend: (Time is in decaauts)
 A = Elapsed time spent in this place.
 B = Non-inter-level travel time spent in this place.
 C = Inter-level travel time spent in this place.
 D = Time resting spent in this place.
 E = Time spent auto-exploring this place.
 F = Levels seen in this place.
 G = Mean time per level.
                   A        B        C        D        E       F      G
               +--------+--------+--------+--------+--------+-----+--------+
         Total |  13930 |  13559 |    371 |   4410 |   6283 |  11 | 1266.4 |
       Dungeon |  13748 |  13405 |    343 |   4410 |   6131 |  10 | 1374.8 |
        Temple |    182 |    154 |     28 |      0 |    152 |   1 |  182.0 |
               +--------+--------+--------+--------+--------+-----+--------+

Top non-repeatable levels by time:
     D:7: 2402 daAuts
     D:8: 2110 daAuts
     D:4: 1766 daAuts
     D:6: 1582 daAuts
     D:3: 1485 daAuts
     D:9: 1388 daAuts
     D:5: 1026 daAuts
     D:2: 1025 daAuts
     D:1: 791 daAuts
  Temple: 182 daAuts
    D:10: 169 daAuts
